TOP OF THE 1ST |
Butler HS Golden Tornado batting - Pitching for Overland Park HS Triplets : RHP Jim Grant
|
Pitching: RHP Jim Grant
|
|
Batting: RHB Keith Gamble
|
0-0: Ball 1-0: Ball 2-0: SINGLE (Line Drive, 4D)
|
Batting: LHB Byron McIlmoyle
|
0-0: Ball 1-0: Called Strike 1-1: Ball 2-1: Ball 3-1: SINGLE (Line Drive, 78S) Keith Gamble to second
|
Batting: RHB Mike Morton
|
0-0: Ball 1-0: Called Strike 1-1: Foul Ball, location: 2F 1-2: Strikes out swinging
|
Batting: LHB Joe Vásquez
|
0-0: Ball 1-0: Called Strike 1-1: Ball 2-1: Ball 3-1: Foul Ball, location: 2F 3-2: Base on Balls Keith Gamble to third Byron McIlmoyle to second
|
Batting: RHB Daniel Quintana
|
0-0: Called Strike 0-1: Ball 1-1: Swinging Strike 1-2: Foul Ball, location: 2F 1-2: Ball 2-2: Fly out, F9 (Flyball, 9M) Runner from 3rd tags up, SCORES, no throw
|
Batting: RHB Héctor Meléndez
|
0-0: Swinging Strike 0-1: Foul Ball, location: 2F 0-2: Ball 1-2: Foul Ball, location: 2F 1-2: Strikes out looking
|
Top of the 1st over - 1 run(s), 2 hit(s), 0 error(s), 2 left on base; Butler HS 1 - Overland Park HS 0 |
BOTTOM OF THE 1ST |
Overland Park HS Triplets batting - Pitching for Butler HS Golden Tornado : RHP Alan Mobley
|
Pitching: RHP Alan Mobley
|
|
Batting: RHB T.J. Kaufman
|
0-0: Ball 1-0: Ball 2-0: DOUBLE (Line Drive, 7LS)
|
Batting: RHB Ben Simpson
|
0-0: Called Strike 0-1: Ball 1-1: Swinging Strike 1-2: Ball 2-2: Foul Ball, location: 2F 2-2: Ground out 6-3 (Groundball, 56)
|
Batting: RHB Jesús Arévalo
|
0-0: Called Strike 0-1: Ball 1-1: Called Strike 1-2: Ball Wild Pitch! T.J. Kaufman to third 2-2: SINGLE (Flyball, 6MD) T.J. Kaufman scores
|
Batting: RHB Edgardo Morales
|
0-0: Ball 1-0: Foul Ball, location: 2F 1-1: Swinging Strike 1-2: Ball 2-2: Ground out 5-3 (Groundball, 15S) Jesús Arévalo to second
|
Batting: RHB Simon Plante
|
0-0: Ball 1-0: Foul Ball, location: 2F 1-1: Fly out, F9 (Flyball, 9M)
|
Bottom of the 1st over - 1 run(s), 2 hit(s), 0 error(s), 1 left on base; Butler HS 1 - Overland Park HS 1 |
TOP OF THE 2ND |
Butler HS Golden Tornado batting - Pitching for Overland Park HS Triplets : RHP Jim Grant
|
Batting: SHB Myles Hopkins
|
0-0: Ball 1-0: Called Strike 1-1: Foul Ball, location: 2F 1-2: Strikes out swinging
|
Batting: RHB Warren Thornton
|
0-0: Called Strike 0-1: Ball 1-1: SOLO HOME RUN (Flyball, 78XD), Distance : 398 ft
|
Batting: LHB Juan Díaz
|
0-0: Ball 1-0: Ball 2-0: Called Strike 2-1: Swinging Strike 2-2: Foul Ball, location: 2F 2-2: Ball 3-2: Base on Balls
|
Batting: RHB Keith Gamble
|
0-0: Ball 1-0: Fly out, F6 (Line Drive, 6)
|
Batting: LHB Byron McIlmoyle
|
0-0: Swinging Strike 0-1: Foul Ball, location: 2F 0-2: Ball 1-2: Foul Ball, location: 2F 1-2: Strikes out looking
|
Top of the 2nd over - 1 run(s), 1 hit(s), 0 error(s), 1 left on base; Butler HS 2 - Overland Park HS 1 |
BOTTOM OF THE 2ND |
Overland Park HS Triplets batting - Pitching for Butler HS Golden Tornado : RHP Alan Mobley
|
Batting: RHB Nicolas Fillion
|
0-0: Ball 1-0: Ball 2-0: Ball 3-0: Base on Balls
|
Batting: RHB Matt Bascombe
|
0-0: Ball 1-0: Ball Nicolas Fillion is caught stealing 2nd base 2-0: Called Strike 2-1: Ball 3-1: Foul Ball, location: 2F 3-2: Foul Ball, location: 2F 3-2: Base on Balls
|
Batting: RHB Preston Church
|
0-0: Ball 1-0: Called Strike 1-1: Ball 2-1: Foul Ball, location: 2F 2-2: Foul Ball, location: 2F 2-2: Fielders Choice at 2nd, 6-4 (Groundball, 6)
|
Batting: RHB Lorne McClain
|
0-0: Called Strike Pickoff Throw to First - Out!
|
Bottom of the 2nd over - 0 run(s), 0 hit(s), 0 error(s), 0 left on base; Butler HS 2 - Overland Park HS 1 |
TOP OF THE 3RD |
Butler HS Golden Tornado batting - Pitching for Overland Park HS Triplets : RHP Jim Grant
|
Batting: RHB Mike Morton
|
0-0: Ball 1-0: Fly out, F8 (Flyball, 8RXD)
|
Batting: LHB Joe Vásquez
|
0-0: Called Strike 0-1: Ball 1-1: Called Strike 1-2: Foul Ball, location: 2F 1-2: Ball 2-2: Strikes out looking
|
Batting: RHB Daniel Quintana
|
0-0: Ball 1-0: Swinging Strike 1-1: SINGLE (Line Drive, 89S)
|
Batting: RHB Héctor Meléndez
|
0-0: Ball 1-0: Called Strike 1-1: Ball 2-1: Called Strike 2-2: Foul Ball, location: 2F 2-2: Strikes out looking
|
Top of the 3rd over - 0 run(s), 1 hit(s), 0 error(s), 1 left on base; Butler HS 2 - Overland Park HS 1 |
BOTTOM OF THE 3RD |
Overland Park HS Triplets batting - Pitching for Butler HS Golden Tornado : RHP Alan Mobley
|
Batting: RHB Lorne McClain
|
0-0: Ball 1-0: Fly out, F2 (Popup, 23F)
|
Batting: RHB T.J. Kaufman
|
0-0: Ball 1-0: Ball 2-0: Swinging Strike 2-1: Ground out 6-3 (Groundball, 56)
|
Batting: RHB Ben Simpson
|
0-0: Ball 1-0: Called Strike 1-1: Ball 2-1: Fly out, F7 (Flyball, 78M)
|
Bottom of the 3rd over - 0 run(s), 0 hit(s), 0 error(s), 0 left on base; Butler HS 2 - Overland Park HS 1 |
TOP OF THE 4TH |
Butler HS Golden Tornado batting - Pitching for Overland Park HS Triplets : RHP Jim Grant
|
Batting: SHB Myles Hopkins
|
0-0: Ball 1-0: Called Strike 1-1: Ball 2-1: Ball 3-1: Base on Balls
|
Batting: RHB Warren Thornton
|
0-0: Ball 1-0: Ball 2-0: Fly out, F3 (Popup, 3L)
|
Batting: LHB Juan Díaz
|
0-0: Ground out 3-1 (Groundball, 34S) Myles Hopkins to second
|
Batting: RHB Keith Gamble
|
0-0: Called Strike 0-1: Swinging Strike 0-2: Ball 1-2: Foul Ball, location: 2F 1-2: Ball 2-2: Ball 3-2: Foul Ball, location: 2F 3-2: Base on Balls
|
Pitching: RHP William Dinales
|
|
Batting: LHB Byron McIlmoyle
|
0-0: Ball 1-0: Swinging Strike 1-1: Ground out 4-3 (Groundball, 34)
|
Top of the 4th over - 0 run(s), 0 hit(s), 0 error(s), 2 left on base; Butler HS 2 - Overland Park HS 1 |
BOTTOM OF THE 4TH |
Overland Park HS Triplets batting - Pitching for Butler HS Golden Tornado : RHP Alan Mobley
|
Batting: RHB Jesús Arévalo
|
0-0: Ground out 6-3 (Groundball, 6M)
|
Batting: RHB Edgardo Morales
|
0-0: Called Strike 0-1: Ball 1-1: Ground out 6-3 (Groundball, 6MS)
|
Batting: RHB Simon Plante
|
0-0: Ground out 5-3 (Groundball, 56)
|
Bottom of the 4th over - 0 run(s), 0 hit(s), 0 error(s), 0 left on base; Butler HS 2 - Overland Park HS 1 |
TOP OF THE 5TH |
Butler HS Golden Tornado batting - Pitching for Overland Park HS Triplets : RHP William Dinales
|
Batting: RHB Mike Morton
|
0-0: Called Strike 0-1: Swinging Strike 0-2: Ball 1-2: Ball 2-2: Strikes out swinging
|
Batting: LHB Joe Vásquez
|
0-0: Ball 1-0: Foul Ball, location: 2F 1-1: Called Strike 1-2: Strikes out swinging
|
Batting: RHB Daniel Quintana
|
0-0: Called Strike 0-1: Ball 1-1: Foul Ball, location: 2F 1-2: Foul Ball, location: 2F 1-2: Foul Ball, location: 2F 1-2: Ball 2-2: Foul Ball, location: 2F 2-2: Strikes out swinging
|
Top of the 5th over - 0 run(s), 0 hit(s), 0 error(s), 0 left on base; Butler HS 2 - Overland Park HS 1 |
BOTTOM OF THE 5TH |
Overland Park HS Triplets batting - Pitching for Butler HS Golden Tornado : RHP Alan Mobley
|
Batting: RHB Nicolas Fillion
|
0-0: Foul Ball, location: 2F 0-1: Swinging Strike 0-2: Strikes out swinging
|
Batting: RHB Matt Bascombe
|
0-0: Called Strike 0-1: Ball 1-1: Swinging Strike 1-2: Ball 2-2: Foul Ball, location: 2F 2-2: Ball 3-2: Foul Ball, location: 2F 3-2: Base on Balls
|
Batting: RHB Preston Church
|
0-0: SINGLE (Line Drive, 8LS) Matt Bascombe to second
|
Batting: RHB Lorne McClain
|
0-0: Ball 1-0: Ball 2-0: Called Strike 2-1: Ball 3-1: Fly out, F6 (Line Drive, 6)
|
Batting: RHB T.J. Kaufman
|
0-0: Called Strike 0-1: Hit by Pitch Matt Bascombe to third Preston Church to second
|
Batting: RHB Ben Simpson
|
0-0: Called Strike 0-1: Ball 1-1: Fly out, F1 (Line Drive, 13)
|
Bottom of the 5th over - 0 run(s), 1 hit(s), 0 error(s), 3 left on base; Butler HS 2 - Overland Park HS 1 |
TOP OF THE 6TH |
Butler HS Golden Tornado batting - Pitching for Overland Park HS Triplets : RHP William Dinales
|
Batting: RHB Héctor Meléndez
|
0-0: Foul Ball, location: 2F 0-1: Ball 1-1: Ball 2-1: Foul Ball, location: 2F 2-2: Foul Ball, location: 2F 2-2: Ball 3-2: Fly out, F7 (Line Drive, 7M)
|
Batting: SHB Myles Hopkins
|
0-0: Swinging Strike 0-1: Foul Ball, location: 2F 0-2: Ball 1-2: Strikes out swinging
|
Batting: RHB Warren Thornton
|
0-0: Ball 1-0: Swinging Strike 1-1: Swinging Strike 1-2: Strikes out swinging
|
Top of the 6th over - 0 run(s), 0 hit(s), 0 error(s), 0 left on base; Butler HS 2 - Overland Park HS 1 |
BOTTOM OF THE 6TH |
Overland Park HS Triplets batting - Pitching for Butler HS Golden Tornado : RHP Alan Mobley
|
Batting: RHB Jesús Arévalo
|
0-0: Ball 1-0: Called Strike 1-1: Foul Ball, location: 2F 1-2: Strikes out looking
|
Pitching: LHP Pedro Infante
|
|
Batting: RHB Edgardo Morales
|
0-0: SINGLE (Groundball, 56D)
|
Batting: RHB Simon Plante
|
0-0: Grounds into double play, 5-4-3 (Groundball, 56)
|
Bottom of the 6th over - 0 run(s), 1 hit(s), 0 error(s), 0 left on base; Butler HS 2 - Overland Park HS 1 |
TOP OF THE 7TH |
Butler HS Golden Tornado batting - Pitching for Overland Park HS Triplets : RHP William Dinales
|
Pitching: RHP Jeffery Mills
|
|
Batting: LHB Juan Díaz
|
0-0: Swinging Strike 0-1: Swinging Strike 0-2: Fly out, F8 (Popup, 8LS)
|
Batting: RHB Keith Gamble
|
0-0: Called Strike 0-1: Foul Ball, location: 2F 0-2: Ground out 4-3 (Groundball, 4)
|
Batting: LHB Byron McIlmoyle
|
0-0: Called Strike 0-1: Ball 1-1: Ball 2-1: Ball 3-1: Base on Balls
|
Batting: RHB Mike Morton
|
0-0: Ball 1-0: Ball Byron McIlmoyle steals 2nd base 2-0: Fly out, F9 (Flyball, 9M)
|
Top of the 7th over - 0 run(s), 0 hit(s), 0 error(s), 1 left on base; Butler HS 2 - Overland Park HS 1 |
BOTTOM OF THE 7TH |
Overland Park HS Triplets batting - Pitching for Butler HS Golden Tornado : LHP Pedro Infante
|
Batting: RHB Nicolas Fillion
|
0-0: Ball 1-0: DOUBLE (Flyball, 9LS)
|
Batting: RHB Matt Bascombe
|
0-0: Swinging Strike 0-1: Ball 1-1: Ball 2-1: Ground out U3 (Groundball, 3L) Nicolas Fillion to third
|
Batting: RHB Preston Church
|
0-0: Called Strike 0-1: Ball 1-1: Foul Ball, location: 2F 1-2: Ball 2-2: Ball 3-2: Base on Balls
|
Batting: RHB Lorne McClain
|
0-0: Grounds into double play, 6-4-3 (Groundball, 6M)
|
Bottom of the 7th over - 0 run(s), 1 hit(s), 0 error(s), 1 left on base; Butler HS 2 - Overland Park HS 1 |
TOP OF THE 8TH |
Butler HS Golden Tornado batting - Pitching for Overland Park HS Triplets : RHP Jeffery Mills
|
Batting: LHB Joe Vásquez
|
0-0: Ball 1-0: Swinging Strike 1-1: Foul Ball, location: 2F 1-2: Ground out 4-3 (Groundball, 4)
|
Batting: RHB Daniel Quintana
|
0-0: Called Strike 0-1: Ball 1-1: Ball 2-1: Foul Ball, location: 2F 2-2: Foul Ball, location: 2F 2-2: Ball 3-2: Fly out, F7 (Flyball, 78M)
|
Batting: RHB Héctor Meléndez
|
0-0: Ground out 6-3 (Groundball, 56)
|
Top of the 8th over - 0 run(s), 0 hit(s), 0 error(s), 0 left on base; Butler HS 2 - Overland Park HS 1 |
BOTTOM OF THE 8TH |
Overland Park HS Triplets batting - Pitching for Butler HS Golden Tornado : LHP Pedro Infante
|
Pitching: RHP Ron Burns
|
|
Now at 1B: Tom Copeland
|
|
Batting: RHB T.J. Kaufman
|
0-0: Foul Ball, location: 2F 0-1: Ball 1-1: Ball 2-1: Ball 3-1: Foul Ball, location: 2F 3-2: Base on Balls
|
Batting: RHB Ben Simpson
|
0-0: Bunted foul 0-1: Bunted foul 0-2: Ball 1-2: Strikes out swinging
|
Batting: RHB Jesús Arévalo
|
0-0: Ball 1-0: Foul Ball, location: 2F 1-1: Called Strike 1-2: Foul Ball, location: 2F 1-2: Strikes out swinging
|
Batting: RHB Edgardo Morales
|
0-0: Ball 1-0: Ball 2-0: Called Strike 2-1: Swinging Strike 2-2: Ball 3-2: Foul Ball, location: 2F 3-2: Foul Ball, location: 2F 3-2: Strikes out looking
|
Bottom of the 8th over - 0 run(s), 0 hit(s), 0 error(s), 1 left on base; Butler HS 2 - Overland Park HS 1 |
TOP OF THE 9TH |
Butler HS Golden Tornado batting - Pitching for Overland Park HS Triplets : RHP Jeffery Mills
|
Pitching: RHP Ronald Crockett
|
|
Batting: SHB Myles Hopkins
|
0-0: Ground out 3-1 (Groundball, 3)
|
Batting: RHB Warren Thornton
|
0-0: Ball 1-0: Called Strike 1-1: Ball 2-1: Called Strike 2-2: Strikes out swinging
|
Batting: LHB Juan Díaz
|
0-0: Ball 1-0: Foul Ball, location: 2F 1-1: Called Strike 1-2: Ball 2-2: Strikes out swinging
|
Top of the 9th over - 0 run(s), 0 hit(s), 0 error(s), 0 left on base; Butler HS 2 - Overland Park HS 1 |
BOTTOM OF THE 9TH |
Overland Park HS Triplets batting - Pitching for Butler HS Golden Tornado : RHP Ron Burns
|
Pitching: RHP Steve Crowe
|
|
Batting: RHB Simon Plante
|
0-0: Swinging Strike 0-1: Ball 1-1: Foul Ball, location: 2F 1-2: Ball 2-2: Fly out, F8 (Flyball, 8RM)
|
Batting: RHB Nicolas Fillion
|
0-0: Called Strike 0-1: DOUBLE (Line Drive, 5D)
|
Batting: RHB Matt Bascombe
|
0-0: Called Strike 0-1: Ball 1-1: Ball 2-1: Ground out 4-3 (Groundball, 34) Nicolas Fillion to third
|
Batting: RHB Preston Church
|
0-0: Foul Ball, location: 2F 0-1: Foul Ball, location: 2F 0-2: Foul Ball, location: 2F 0-2: Ball 1-2: Strikes out swinging
|
Bottom of the 9th over - 0 run(s), 1 hit(s), 0 error(s), 1 left on base; Butler HS 2 - Overland Park HS 1 |
|